3L
BROOKLYN DODGERS @ LAS VEGAS FLAMINGOS
08/23/2025
 
TOP OF THE 1ST
Brooklyn Dodgers batting - Pitching for Las Vegas Flamingos : LHP Jeff Bradshaw
Pitching: LHP Jeff Bradshaw
Batting: SHB Juan Rivas 0-0: Ball
1-0: Foul Ball, location: 2F
1-1: Foul Ball, location: 2F
1-2: Ball
2-2: Ball
3-2: Ground out 5-3 (Groundball, 56S)
Batting: RHB Oliver Aranda 0-0: Ball
1-0: Ball
2-0: Ball
3-0: Called Strike
3-1: Base on Balls
Batting: SHB Leonard O'Connor 0-0: Ball
1-0: Ball
2-0: Ball
3-0: Called Strike
3-1: Foul Ball, location: 2F
3-2: Foul Ball, location: 2F
3-2: Foul Ball, location: 2F
3-2: Hit by Pitch
Oliver Aranda to second
Batting: LHB Avon Barksdale 0-0: Swinging Strike
0-1: Foul Ball, location: 2F
0-2: Strikes out swinging
Batting: LHB Ron Bascombe 0-0: Swinging Strike
0-1: Called Strike
0-2: Foul Ball, location: 2F
0-2: Strikes out swinging
Top of the 1st over - 0 run(s), 0 hit(s), 0 error(s), 2 left on base; Brooklyn 0 - Las Vegas 0
BOTTOM OF THE 1ST
Las Vegas Flamingos batting - Pitching for Brooklyn Dodgers : RHP Jimmy Whittier
Pitching: RHP Jimmy Whittier
Batting: LHB Sinclair van Kooten 0-0: Foul Ball, location: 2F
0-1: Foul Ball, location: 2F
0-2: Ball
1-2: Ground out 6-3 (Groundball, 6)
Batting: RHB Xavier Hernández 0-0: SINGLE (Groundball, 4MD)
Batting: LHB Victor Adams 0-0: Called Strike
0-1: Ball
1-1: Ball
2-1: Ball
3-1: Called Strike
3-2: Strikes out swinging
Batting: LHB Chris McKinney 0-0: Ball
1-0: Ball
2-0: Called Strike
Pickoff Throw by Catcher to First - Out!
Bottom of the 1st over - 0 run(s), 1 hit(s), 0 error(s), 0 left on base; Brooklyn 0 - Las Vegas 0
TOP OF THE 2ND
Brooklyn Dodgers batting - Pitching for Las Vegas Flamingos : LHP Jeff Bradshaw
Batting: RHB Thom Wilcox 0-0: Ball
1-0: Foul Ball, location: 2F
1-1: Swinging Strike
1-2: Ball
2-2: Ground out 6-3 (Groundball, 6)
Batting: LHB Kelly Brown 0-0: SINGLE (Groundball, 4MD)
Batting: RHB Zach Lewis 0-0: Called Strike
0-1: SINGLE (Flyball, 9LM)
Kelly Brown to second
Runner from 2nd tries for 3rd, SAFE, throw made to third
Zach Lewis to second
Batting: RHB Vincent Crane 0-0: Called Strike
0-1: Ball
1-1: Foul Ball, location: 2F
1-2: Ball
2-2: Foul Ball, location: 2F
2-2: Strikes out looking
Batting: SHB Juan Rivas 0-0: Ball
1-0: Called Strike
1-1: Ball
2-1: Ground out 5-3 (Groundball, 56S)
Top of the 2nd over - 0 run(s), 2 hit(s), 0 error(s), 2 left on base; Brooklyn 0 - Las Vegas 0
BOTTOM OF THE 2ND
Las Vegas Flamingos batting - Pitching for Brooklyn Dodgers : RHP Jimmy Whittier
Batting: LHB Chris McKinney 0-0: Called Strike
0-1: Ball
1-1: Foul Ball, location: 2F
1-2: Foul Ball, location: 2F
1-2: Ground out 4-3 (Groundball, 4S)
Batting: RHB Sake van Arem 0-0: Swinging Strike
0-1: SINGLE (Line Drive, 34D)
Batting: RHB Jeff Young 0-0: Called Strike
0-1: DOUBLE (Line Drive, 78XD)
Sake van Arem to third
Runner from 3rd tries for Home, SAFE, no throw
Batting: LHB Jake Shelton 0-0: Called Strike
0-1: Foul Ball, location: 2F
0-2: Ball
1-2: Foul Ball, location: 2F
1-2: Ball
2-2: Ball
3-2: Base on Balls
Batting: SHB Kunimichi Chikafuji 0-0: Foul Ball, location: 2F
0-1: Ball
1-1: Ball
2-1: SINGLE (Line Drive, 7S)
Jeff Young to third
Jake Shelton to second
Batting: RHB Edmund Gallagher 0-0: Fly out, F9 (Flyball, 9S)
Batting: LHB Sinclair van Kooten 0-0: Ball
1-0: Called Strike
1-1: Called Strike
1-2: Ball
2-2: SINGLE (Groundball, 56D)
Jeff Young scores
Jake Shelton to third
Kunimichi Chikafuji to second
Runner from 3rd tries for Home, throw and OUT!
Bottom of the 2nd over - 2 run(s), 4 hit(s), 0 error(s), 2 left on base; Brooklyn 0 - Las Vegas 2
TOP OF THE 3RD
Brooklyn Dodgers batting - Pitching for Las Vegas Flamingos : LHP Jeff Bradshaw
Batting: RHB Oliver Aranda 0-0: Ball
1-0: Ball
2-0: Called Strike
2-1: Ball
3-1: Foul Ball, location: 2F
3-2: Strikes out swinging
Batting: SHB Leonard O'Connor 0-0: Ball
1-0: Fly out, F6 (Popup, 6D)
Batting: LHB Avon Barksdale 0-0: SOLO HOME RUN (Flyball, 9D), Distance : 399 ft
Batting: LHB Ron Bascombe 0-0: Ball
1-0: Ball
2-0: Hit by Pitch, AND HE CHARGES THE MOUND! The benches clear!
Pitching: RHP Joey McCarthy
Pinch Runner at 1st Tony Justice:
Batting: RHB Thom Wilcox 0-0: Fielders Choice at 2nd, 6-4 (Groundball, 6)
Top of the 3rd over - 1 run(s), 1 hit(s), 0 error(s), 0 left on base; Brooklyn 1 - Las Vegas 2
BOTTOM OF THE 3RD
Las Vegas Flamingos batting - Pitching for Brooklyn Dodgers : RHP Jimmy Whittier
Now in LF: Tony Justice
Batting: RHB Xavier Hernández 0-0: Called Strike
0-1: Ball
1-1: Foul Ball, location: 2F
1-2: Ball
2-2: Foul Ball, location: 2F
2-2: Strikes out swinging
Batting: LHB Victor Adams 0-0: Called Strike
0-1: Called Strike
0-2: Foul Ball, location: 2F
0-2: Ball
1-2: Foul Ball, location: 2F
1-2: SINGLE (Groundball, 6MD)
Batting: LHB Chris McKinney 0-0: Called Strike
0-1: Foul Ball, location: 2F
0-2: Ball
1-2: SINGLE (Groundball, 3) (infield hit)
Victor Adams to second
Batting: RHB Sake van Arem 0-0: Ball
1-0: Ball
2-0: Ball
3-0: Called Strike
3-1: Base on Balls
Victor Adams to third
Chris McKinney to second
Batting: RHB Jeff Young 0-0: Called Strike
0-1: Called Strike
0-2: Ball
1-2: SINGLE (Groundball, 56D)
Victor Adams scores
Chris McKinney to third
Sake van Arem to second
Batting: LHB Jake Shelton 0-0: Called Strike
0-1: Ball
1-1: Called Strike
1-2: Grounds into double play, 4-6-3 (Groundball, 4)
Bottom of the 3rd over - 1 run(s), 3 hit(s), 0 error(s), 2 left on base; Brooklyn 1 - Las Vegas 3
TOP OF THE 4TH
Brooklyn Dodgers batting - Pitching for Las Vegas Flamingos : RHP Joey McCarthy
Batting: LHB Kelly Brown 0-0: Called Strike
0-1: Ground out 3-1 (Groundball, 34)
Batting: RHB Zach Lewis 0-0: Swinging Strike
0-1: Ball
1-1: SINGLE (Groundball, 6MD)
Batting: RHB Vincent Crane 0-0: Ground out 4-3 (Groundball, 4M)
Zach Lewis to second
Batting: SHB Juan Rivas 0-0: Ball
1-0: Ball
2-0: Foul Ball, location: 2F
2-1: Ball
3-1: Base on Balls
Batting: RHB Oliver Aranda 0-0: Called Strike
0-1: Swinging Strike
0-2: Foul Ball, location: 2F
0-2: Ball
1-2: Ball
2-2: Foul Ball, location: 2F
2-2: Ball
3-2: Fly out, F8 (Line Drive, 8LXD)
Top of the 4th over - 0 run(s), 1 hit(s), 0 error(s), 2 left on base; Brooklyn 1 - Las Vegas 3
BOTTOM OF THE 4TH
Las Vegas Flamingos batting - Pitching for Brooklyn Dodgers : RHP Jimmy Whittier
Batting: SHB Kunimichi Chikafuji 0-0: Ball
1-0: Ball
2-0: Ball
3-0: Called Strike
3-1: Swinging Strike
3-2: Foul Ball, location: 2F
3-2: Ground out 3-1 (Groundball, 34S)
Batting: RHB Edmund Gallagher 0-0: Called Strike
0-1: Ball
1-1: Ball
2-1: Ball
3-1: Fly out, F8 (Flyball, 8LM)
Batting: LHB Sinclair van Kooten 0-0: Ball
1-0: Ball
2-0: Ground out 3-1 (Groundball, 34)
Bottom of the 4th over - 0 run(s), 0 hit(s), 0 error(s), 0 left on base; Brooklyn 1 - Las Vegas 3
TOP OF THE 5TH
Brooklyn Dodgers batting - Pitching for Las Vegas Flamingos : RHP Joey McCarthy
Batting: SHB Leonard O'Connor 0-0: Called Strike
0-1: Called Strike
0-2: Ball
1-2: Foul Ball, location: 2F
1-2: Ball
2-2: Foul Ball, location: 2F
2-2: Ball
3-2: Base on Balls
Batting: LHB Avon Barksdale 0-0: Called Strike
0-1: Foul Ball, location: 2F
0-2: Grounds into double play, 4-6-3 (Groundball, 4)
Batting: RHB Tony Justice 0-0: Foul Ball, location: 2F
0-1: Swinging Strike
0-2: Strikes out looking
Top of the 5th over - 0 run(s), 0 hit(s), 0 error(s), 0 left on base; Brooklyn 1 - Las Vegas 3
BOTTOM OF THE 5TH
Las Vegas Flamingos batting - Pitching for Brooklyn Dodgers : RHP Jimmy Whittier
Batting: RHB Xavier Hernández 0-0: Ball
1-0: Ball
2-0: Foul Ball, location: 2F
2-1: DOUBLE (Line Drive, 78XD)
Batting: LHB Victor Adams 0-0: Foul Ball, location: 2F
0-1: Ball
1-1: Ball
2-1: Called Strike
2-2: Fly out, F8 (Flyball, 8LS)
Batting: LHB Chris McKinney 0-0: Called Strike
0-1: Swinging Strike
0-2: Ball
1-2: Ball
2-2: Foul Ball, location: 2F
2-2: Foul Ball, location: 2F
2-2: Ball
3-2: Strikes out looking
Pitching: RHP Javier Díaz
Batting: RHB Sake van Arem 0-0: Ball
1-0: Called Strike
1-1: Foul Ball, location: 2F
1-2: Foul Ball, location: 2F
1-2: Strikes out looking
Bottom of the 5th over - 0 run(s), 1 hit(s), 0 error(s), 1 left on base; Brooklyn 1 - Las Vegas 3
TOP OF THE 6TH
Brooklyn Dodgers batting - Pitching for Las Vegas Flamingos : RHP Joey McCarthy
Batting: RHB Thom Wilcox 0-0: Ball
1-0: Called Strike
1-1: Called Strike
1-2: Ball
2-2: Foul Ball, location: 2F
2-2: SINGLE (Groundball, 56D)
Batting: LHB Kelly Brown 0-0: Fielders Choice at 2nd, 6-4 (Groundball, 6)
Batting: RHB Zach Lewis 0-0: Foul Ball, location: 2F
0-1: Ball
1-1: Ball
2-1: Ball
3-1: Base on Balls
Kelly Brown to second
Batting: RHB Vincent Crane 0-0: Called Strike
0-1: Ball
1-1: Fly out, F3 (Popup, 3L)
Batting: SHB Juan Rivas 0-0: Ground out 3-1 (Groundball, 34)
Top of the 6th over - 0 run(s), 1 hit(s), 0 error(s), 2 left on base; Brooklyn 1 - Las Vegas 3
BOTTOM OF THE 6TH
Las Vegas Flamingos batting - Pitching for Brooklyn Dodgers : RHP Javier Díaz
Batting: RHB Jeff Young 0-0: Fly out, F8 (Flyball, 89D)
Batting: LHB Jake Shelton 0-0: Called Strike
0-1: Foul Ball, location: 2F
0-2: Foul Ball, location: 2F
0-2: Ball
1-2: Ground out 3-1 (Groundball, 34S)
Batting: SHB Kunimichi Chikafuji 0-0: Called Strike
0-1: Ball
1-1: Ball
2-1: Ball
3-1: SINGLE (Line Drive, 89S)
Batting: RHB Edmund Gallagher 0-0: Called Strike
Kunimichi Chikafuji steals 2nd base
0-1: Ground out U3 (Groundball, 34)
Bottom of the 6th over - 0 run(s), 1 hit(s), 0 error(s), 1 left on base; Brooklyn 1 - Las Vegas 3
TOP OF THE 7TH
Brooklyn Dodgers batting - Pitching for Las Vegas Flamingos : RHP Joey McCarthy
Batting: RHB Oliver Aranda 0-0: Ball
1-0: Called Strike
1-1: Foul Ball, location: 2F
1-2: Ball
2-2: Ball
3-2: Base on Balls
Batting: SHB Leonard O'Connor 0-0: Ball
1-0: Ball
2-0: Called Strike
2-1: Foul Ball, location: 2F
2-2: Foul Ball, location: 2F
2-2: Ball
3-2: Foul Ball, location: 2F
3-2: Base on Balls
Oliver Aranda to second
Batting: LHB Avon Barksdale 0-0: Called Strike
0-1: Foul Ball, location: 2F
0-2: Ball
1-2: Ball
2-2: Grounds into double play, 4-6-3 (Groundball, 4)
Oliver Aranda to third
Batting: RHB Tony Justice 0-0: Ball
1-0: Swinging Strike
1-1: Foul Ball, location: 2F
1-2: Strikes out swinging
Top of the 7th over - 0 run(s), 0 hit(s), 0 error(s), 1 left on base; Brooklyn 1 - Las Vegas 3
BOTTOM OF THE 7TH
Las Vegas Flamingos batting - Pitching for Brooklyn Dodgers : RHP Javier Díaz
Batting: LHB Sinclair van Kooten 0-0: Ball
1-0: Swinging Strike
1-1: Foul Ball, location: 2F
1-2: Strikes out looking
Batting: RHB Xavier Hernández 0-0: Ball
1-0: Foul Ball, location: 2F
1-1: Reached on error, E5 (Groundball, 5)
Batting: LHB Victor Adams 0-0: Ball
1-0: Swinging Strike
1-1: Foul Ball, location: 2F
1-2: Ball
2-2: Foul Ball, location: 2F
2-2: Foul Ball, location: 2F
2-2: Ball
3-2: Foul Ball, location: 2F
3-2: Base on Balls
Batting: LHB Chris McKinney 0-0: Called Strike
0-1: Foul Ball, location: 2F
0-2: Ball
1-2: DOUBLE (Flyball, 89D)
Xavier Hernández scores
Victor Adams to third
Runner from 3rd tries for Home, SAFE, throw made home
Batting: RHB Sake van Arem 0-0: Intentional Walk
Pitching: RHP Barry Jones
Batting: RHB Jeff Young 0-0: Called Strike
0-1: Fly out, F8 (Flyball, 8LS)
Batting: LHB Jake Shelton 0-0: Ball
1-0: Called Strike
1-1: Foul Ball, location: 2F
1-2: Ball
2-2: Ball
3-2: SINGLE (Groundball, 34D)
Chris McKinney to third
Sake van Arem to second
Chris McKinney scores
Sake van Arem to third
Batting: SHB Kunimichi Chikafuji 0-0: Called Strike
0-1: Called Strike
0-2: Ball
1-2: Foul Ball, location: 2F
1-2: Fly out, F4 (Line Drive, 4)
Bottom of the 7th over - 3 run(s), 2 hit(s), 1 error(s), 2 left on base; Brooklyn 1 - Las Vegas 6
TOP OF THE 8TH
Brooklyn Dodgers batting - Pitching for Las Vegas Flamingos : RHP Joey McCarthy
Batting: RHB Curt Kenney 0-0: Called Strike
0-1: SINGLE (Groundball, 6MD)
Batting: LHB Kelly Brown 0-0: Called Strike
0-1: Ball
1-1: Foul Ball, location: 2F
1-2: Foul Ball, location: 2F
1-2: Grounds into double play, 4-6-3 (Groundball, 4D)
Batting: RHB Zach Lewis 0-0: Fly out, F8 (Line Drive, 8RD)
Top of the 8th over - 0 run(s), 1 hit(s), 0 error(s), 0 left on base; Brooklyn 1 - Las Vegas 6
BOTTOM OF THE 8TH
Las Vegas Flamingos batting - Pitching for Brooklyn Dodgers : RHP Barry Jones
Batting: RHB Edmund Gallagher 0-0: Ball
1-0: Ground out 6-3 (Groundball, 6M)
Batting: LHB Sinclair van Kooten 0-0: Called Strike
0-1: Ball
1-1: Ground out 5-3 (Groundball, 56S)
Batting: RHB Xavier Hernández 0-0: Ball
1-0: SINGLE (Groundball, 6MD)
Batting: LHB Victor Adams 0-0: Ball
Passed Ball!
Xavier Hernández to second
1-0: Ball
2-0: Ball
3-0: Called Strike
3-1: Foul Ball, location: 2F
3-2: Fly out, F8 (Flyball, 8LD)
Bottom of the 8th over - 0 run(s), 1 hit(s), 0 error(s), 1 left on base; Brooklyn 1 - Las Vegas 6
TOP OF THE 9TH
Brooklyn Dodgers batting - Pitching for Las Vegas Flamingos : RHP Joey McCarthy
Batting: RHB Vincent Crane 0-0: Called Strike
0-1: Ball
1-1: Foul Ball, location: 2F
1-2: Ground out 4-3 (Groundball, 4)
Batting: SHB Juan Rivas 0-0: Foul Ball, location: 2F
0-1: Ball
1-1: Ball
2-1: SINGLE (Groundball, 4MD)
Batting: RHB Oliver Aranda 0-0: Ball
1-0: Called Strike
1-1: Ball
2-1: Called Strike
2-2: Strikes out swinging
Batting: SHB Leonard O'Connor 0-0: Called Strike
0-1: Ground out U3 (Groundball, 3)
Top of the 9th over - 0 run(s), 1 hit(s), 0 error(s), 1 left on base; Brooklyn 1 - Las Vegas 6
Friday, December 30th, 2016 - OOTP Baseball 17.12 Build 75